 Dungeon Crawl Stone Soup version 0.28.0 (webtiles) character file.

Game seed: 14570674087736143798

29615 AmazingTV the Basher (level 13, 0/119 HPs)
             Began as a Minotaur Fighter on Mar 25, 2024.
             Was the Champion of Okawaru.
             Slain by an orc warrior (25 damage)
             ... led by an orc knight
             ... on level 2 of the Orcish Mines.
             The game lasted 01:13:15 (19497 turns).

AmazingTV the Basher (Minotaur Fighter)            Turns: 19497, Time: 01:13:16

Health: 0/119      AC: 12    Str: 24    XL:     13   Next: 16%
Magic:  11/12      EV: 13    Int:  7    God:    Okawaru [******]
Gold:   634        SH:  0    Dex: 10    Spells: 12/12 levels left

rFire   + + +      SeeInvis .   a - +7 great mace "Firestarter" {inner flame, rF++, mace}
rCold   . . .      Faith    .   (shield currently unavailable)
rNeg    . . .      Spirit   .   w - +0 scale mail "Ompuisikk" {Slay+2}
rPois   .          Reflect  .   (helmet restricted)
rElec   .          Harm     .   x - +0 cloak
rCorr   .          Rampage  .   I - +0 pair of gloves
Will    +....                   (no boots)
Stlth   ..........              (no amulet)
HPRegen 0.29/turn               g - ring of protection from fire
MPRegen 0.13/turn               y - ring of willpower

@: no status effects
A: horns 2, retaliatory headbutt
a: Renounce Religion, Heroism, Finesse, Duel


You were on level 2 of the Orcish Mines.
You worshipped Okawaru.
Okawaru was exalted by your worship.
You visited 3 branches of the dungeon, and saw 14 of its levels.
You also visited: Sewer.

You collected 1032 gold pieces.
You spent 398 gold pieces at shops.


Innate Abilities, Weirdness & Mutations

You have a pair of horns on your head.
You reflexively headbutt those who attack you in melee.


   Skills:
 + Level 12.3 Fighting
 + Level 9.4(12.8) Axes
 * Level 13.8(14.9) Maces & Flails
 - Level 6.9 Slings
 + Level 12.3 Armour
 - Level 9.5 Dodging
 - Level 5.6 Shields


You had 12 spell levels left.
You didn't know any spells.
Your spell library contained the following spells:

 Spells                   Type           Power      Damage    Failure   Level
 Static Discharge         Conj/Air       0%         N/A       80%         2
 Ozocubu's Armour         Ice            0%         N/A       95%         3
 Blade Hands              Tmut           0%         N/A       100%        5
 Borgnjor's Vile Clutch   Necr/Erth      0%         N/A       100%        5
 Irradiate                Conj/Tmut      0%         3d13      100%        5
 Lightning Bolt           Conj/Air       0%         1d11      100%        5
 Metabolic Englaciation   Hex/Ice        0%         N/A       100%        5
 Dragon Form              Tmut           0%         N/A       100%        7
 Maxwell's Capacitive Co  Air            0%         ∞         100%        8
 Animate Dead             Necr           Unusable   N/A       N/A         4
 Death Channel            Necr           Unusable   N/A       N/A         6
 Simulacrum               Ice/Necr       Unusable   N/A       N/A         6

Inventory:

Hand Weapons
 a - the +7 great mace "Firestarter" (weapon) {inner flame, rF++, mace}
   (You found it on level 4 of the Dungeon)

   It burns those it strikes, dealing additional fire damage.
   It fills those it strikes with an explosive inner flame.
   It grants immunity to clouds of flame.
   rF:        It greatly protects you from fire.
 b - the +8 woodcutter's axe {vorpal}
   (You took it off a gnoll sergeant on level 8 of the Dungeon)

   It inflicts extra damage upon your enemies.
 c - a +0 hunting sling of flaming {sling}
   (Okawaru gifted it to you on level 2 of the Orcish Mines)
 m - a +1 great mace of holy wrath {mace}
   (You took it off a two-headed ogre on level 2 of the Orcish Mines)
 n - a +1 vorpal fustibalus {sling}
   (Okawaru gifted it to you on level 2 of the Orcish Mines)
 p - a +4 broad axe of freezing {axe}
   (You found it on level 8 of the Dungeon)
 A - the +0 hunting sling "Waimnel" {flame, rElec rCorr Stlth+, sling}
   (You found it on level 2 of the Dungeon)

   Any ammunition fired from it burns those it strikes, dealing additional fire
   damage.
   rElec:     It insulates you from electricity.
   rCorr:     It protects you from acid and corrosion.
   Stlth:     It makes you more stealthy.
 F - a +2 mace of protection {mace}
   (You took it off an orc on level 5 of the Dungeon)
Missiles
 k - a boomerang of dispersal {=f!f}
 l - 348 stones
 r - 4 boomerangs
 s - 27 poisoned darts (quivered)
 J - 73 sling bullets
 P - 4 javelins
 Z - 6 atropa-tipped darts
Armour
 w - the +0 scale mail "Ompuisikk" (worn) {Slay+2}
   (You found it on level 9 of the Dungeon)

   Slay:      It affects your accuracy & damage with ranged weapons and melee
   (+2).
 x - a +0 cloak (worn)
   (You took it off Crazy Yiuf on level 3 of the Dungeon)
 I - a +0 pair of gloves (worn)
   (You found it on level 5 of the Dungeon)
 W - a +0 troll leather armour
   (You found it on level 9 of the Dungeon)
 X - a +1 leather armour of fire resistance
   (You took it off Joseph on level 9 of the Dungeon)
Jewellery
 g - a ring of protection from fire (left hand)
   (You found it on level 1 of the Dungeon)
 y - a ring of willpower (right hand)
   (You found it on level 3 of the Dungeon)
 z - a ring of ice
   (You found it on level 9 of the Dungeon)
 Y - a ring of resist corrosion
   (You found it on level 9 of the Dungeon)
Wands
 i - a wand of iceblast (10)
   (You found it on level 5 of the Dungeon)
 t - a wand of flame (14)
   (You took it off Sigmund on level 3 of the Dungeon)
Scrolls
 e - 3 scrolls of teleportation {@r4}
 h - 4 scrolls of blinking {!r}
 o - a scroll of fog
 v - a scroll of holy word {unknown}
 G - a scroll of silence {!r}
 K - a scroll of torment {unknown}
 L - a scroll of summoning {unknown}
 N - 2 scrolls of enchant armour
 Q - a scroll of fear {unknown}
 R - 3 scrolls of magic mapping {!r}
 S - 4 scrolls of immolation {!r!r}
 T - a scroll of amnesia {unknown}
Potions
 d - 4 potions of might
 f - 4 potions of haste {@q3}
 j - 6 potions of curing {@q1}
 q - 2 potions of heal wounds {@q2}
 B - 3 potions of mutation {!q}
 C - a potion of magic
 D - 4 potions of flight
 M - a potion of berserk rage {unknown}
 O - a potion of cancellation
 V - a potion of resistance

Dungeon Overview and Level Annotations

Branches:
Dungeon (11/15)            Temple (1/1) D:7            Lair (0/6) D:11
    Orc (2/2) D:9             Elf (0/3) Orc:2         Sewer (visited)

Altars:
Ashenzari
Cheibriados
Dithmenos
Elyvilon
Fedhas
Gozag
Hepliaklqana
Kikubaaqudgha
Makhleb
Nemelex Xobeh
Okawaru
Qazlal
Ru
Sif Muna
Trog
Uskayaw
Vehumet
Wu Jian
Xom
Yredelemnul
Zin
The Shining One

Shops:
D:1 [([   D:4 (   D:10 *   Orc:1 =   Orc:2 ??=?

.#)#)...####....## ##.....##
.).#)...###...#..###.......#
)).[#....#...##..........###
)#.#.....#..#.##.......<.#
.#####......#.##........##
..# #.<....#####.....###
.#####......####........#
..##............ho.....###
.###............@.##...#.#
## #...#.##.......###....#
#..#####......######..#
##..#####......##.#...#
#....#.#..............#
###......#........).#.#
#..^...#.##.......###
###....#####.....###
##........##....).#.##


You could see a warg and an orc warrior (strong).


Message History

The orc closely misses you.
The orc knight roars a battlecry!
The orcs go into a battle-frenzy!
The orc warrior barely misses you. 😕 MP[-2]
You lost 2 mp, and now have 10/12 mp.
You sock the orc! You burn the orc.
You kill the orc!
The orc misses you.
The orc wizard casts a spell.
The orc wizard flickers and vanishes!
The orc priest invokes the aid of Beogh against you.
Beogh smites you! 😕 HP[-14]
You take 14 damage, and now have 95/118 hp.
You bludgeon the orc warrior!! You burn the orc warrior.
You kill the orc warrior!
Okawaru accepts your kill. The warg closely misses you.
The orc warrior misses you.
You bludgeon the orc!! You burn the orc.
The orc explodes!
The fiery explosion engulfs the orc knight!!!
The fiery explosion engulfs you. You resist.
The orc knight is engulfed in blazing flames.
The warg closely misses you.
The orc wizard gestures at you while chanting.
The puff of flame hits you but does no damage.
The orc warrior hits you from afar with a +0 trident! 😮 HP[-15]
You take 15 damage, and now have 80/118 hp.
You miss something. The warg bites you.
The orc knight is engulfed in blazing flames.
The orc knight barely misses you. Something hits you but does no damage.
The orc warrior closely misses you. 😮 HP[-5]
You take 5 damage, and now have 75/118 hp.
You closely miss something. The warg bites you but does no damage.
Something hits you but does no damage. The orc priest barely misses you.
The orc knight is engulfed in blazing flames.
The orc knight hits you with a +0 great sword!!
* * * LOW HITPOINT WARNING * * *
😨 HP[-32]
You take 32 damage, and now have 43/118 hp.
MASSIVE DAMAGE!! (PAUSE)
You bludgeon the orc priest!! You burn the orc priest.
You kill the orc priest!
Okawaru accepts your kill.
The orc warrior hits you with a +0 short sword.
* * * LOW HITPOINT WARNING * * *
The orc warrior hits you but does no damage.
The warg bites you!
* * * LOW HITPOINT WARNING * * *
The orc wizard casts a spell.
The orc wizard flickers and vanishes! 😱 HP[-15]
You take 15 damage, and now have 28/118 hp.
You bludgeon something!! You burn something! Okawaru accepts your kill.
Reactivating autopickup.
You feel a bit more experienced.
The orc knight is engulfed in blazing flames.
You kill the orc knight!
Okawaru accepts your kill.
The orc sorcerer gestures wildly while chanting.
The warg bites you.
* * * LOW HITPOINT WARNING * * *
The orc warrior hits you with a +3 vampiric broad axe!
* * * LOW HITPOINT WARNING * * *
The orc warrior hits you but does no damage.
The orc warrior hits you from afar with a +0 trident!
* * * LOW HITPOINT WARNING * * *
😱 HP[-22]
You now have 119 max hp (+1).
You take 22 damage, and now have 6/119 hp.
You feel much better. The warg completely misses you.
The orc warrior hits you from afar with a +0 trident!
* * * LOW HITPOINT WARNING * * *
The orc warrior barely misses you.
The chaos spawn is engulfed in blazing flames.
The chaos spawn closely misses you. 😱 HP[+18]
You regained 18 hp, and now have 24/119 hp.
The orc wizard casts a spell.
The orc wizard flickers and vanishes!
Deactivating autopickup; reactivate with Ctrl-A.
The chaos spawn is engulfed in blazing flames.
There is a stone staircase leading down, spattered with blood here. 😱 MP[+1]
You can't go up here!
The warg misses you.
The orc sorcerer gestures wildly while chanting.
The warg bites you but does no damage. The orc warrior misses you.
You climb downwards.
Reactivating autopickup.
You feel like a meek peon again.
There is a stone staircase leading up here. 😱 HP[+1]
You barely miss the orc warrior. The warg barely misses you.
The orc warrior hits you with a +3 vampiric broad axe!!
You die...

Skill      XL: |  1  2  3  4  5  6  7  8  9 10 11 12 |
---------------+-------------------------------------+-----
Maces & Flails | 1 2 3 4 6 7 9 11 13 | 13.8
Fighting       | 4 5 6 7 8 9 11 12 | 12.3
Armour         | 4 5 6 7 8 10 11 12 | 12.3
Shields        | 4 5 |  5.6
Axes           | 3 5 7 9 |  9.4
Slings         | 2 4 5 6 |  6.9
Dodging        | 3 5 6 8 9 |  9.5

Action                   |  1- 3 |  4- 6 |  7- 9 | 10-12 | 13-15 || total
-------------------------+-------+-------+-------+-------+-------++-------
Melee: War axe           |    76 |    99 |    12 |    47 |     9 ||   243
       Headbutt          |    11 |    15 |    26 |    52 |     7 ||   111
       Great mace        |       |       |   210 |   241 |    28 ||   479
       Whip              |       |       |    23 |       |       ||    23
       Punch             |       |       |     1 |       |     1 ||     2
 Fire: Hunting sling     |    17 |    16 |       |    58 |       ||    91
Throw: Dart              |       |     4 |     1 |       |       ||     5
Invok: Heroism           |       |       |       |     6 |     1 ||     7
Evoke: Wand              |       |       |       |       |     1 ||     1
  Use: Potion            |       |     1 |       |     1 |     1 ||     3
       Scroll            |       |       |     4 |     9 |     7 ||    20
Armor: Scale mail        |    46 |    61 |   142 |   120 |     9 ||   378
       Acid dragon scale |       |       |    15 |       |       ||    15
       Steam dragon scal |       |       |     3 |       |       ||     3
       Troll leather arm |       |       |       |    13 |       ||    13
Dodge: Dodged            |    40 |    51 |   154 |   203 |    33 ||   481
Block: Buckler           |    23 |    25 |     3 |       |       ||    51

Levels and vault maps discovered:
D:1:      psy_arrival_dodecagon, layout_rooms, serial_shops, shop,
          shop_fountains, shop, shapermc_ecumenical_altar_acropolis,
          serial_glass, glass_columns_a, glass_columns_a, due_unseen_surprise
D:2:      layout_basic, small_statue_intersection, grunt_ministairs_10,
          uniq_robin
D:3:      layout_basic, lemuel_round_altar, grunt_gozag_statues,
          overflow_temple_1_default, uniq_jessica, uniq_sigmund,
          uniq_crazy_yiuf_cottage
D:4:      layout_gridville, serial_shops, nicolae_shop_bloodbath_and_beyond,
          gup_sewer_entry_bubbles
D:5:      layout_loops_corners, dk_noncrumbling_4, serial_bayou_ford_a,
          uniq_blork_the_orc
D:6:      layout_rooms
D:7:      layout_loops_ring, minmay_temple_entry_wispy, kennysheep_flooded_box,
          uniq_menkaure
D:8:      layout_layer_cave, mainiacjoe_overflow_24_doors, kennysheep_mini_moat,
          mainiacjoe_overflow_alcove_2, pf_guarded_unrand_woodcutter
D:9:      layout_roguey, mainiacjoe_overflow_alcove_1, erik_orc_3, uniq_joseph
D:10:     layout_cave_pools, mainiacjoe_overflow_cross_hatched, tgw_sif,
          serial_glass, glass_columns_c, glass_columns_c, feat_on_display,
          minmay_strange_pillars, minmay_strange_pillars,
          minmay_strange_pillars, nicolae_specific_store
D:11:     layout_stronghold, erik_lair_dragon, uniq_grum
Temple:   cyrus_circular_temple
Orc:1:    nicolae_orc_accident_1, layout_caves, serial_shops, shop,
          nicolae_shop_self_help
Orc:2:    st_orc_ogre_mass, layout_diamond_mine

Notes
Turn   | Place    | Note
-------+----------+-------------------------------------------
     0 | D:1      | AmazingTV the Minotaur Fighter began the quest for the Orb.
     0 | D:1      | Reached XP level 1. HP: 19/19 MP: 0/0
     0 | D:1      | magus.rc [v1.9.6]
     6 | D:1      | You pick up a book of Winter and begin reading...
     6 | D:1      | You add the spells Ozocubu's Armour, Metabolic Englaciation
                  | and Simulacrum to your library.
    77 | D:1      | Found a faded altar of an unknown god.
   104 | D:1      | Found Rosiokk's Antique Armour Shoppe.
   109 | D:1      | Found Yfuniym's Antique Weapon Boutique.
   112 | D:1      | Reached XP level 2. HP: 27/27 MP: 1/1
   244 | D:1      | Reached skill level 1 in Maces & Flails
   450 | D:1      | Reached skill level 4 in Fighting
   658 | D:1      | Found Duita's Armour Shop.
   685 | D:2      | Reached XP level 3. HP: 33/33 MP: 2/2
   687 | D:2      | Reached skill level 4 in Armour
   687 | D:2      | Reached skill level 4 in Shields
   771 | D:2      | Reached skill level 3 in Axes
   876 | D:2      | Identified the +0 hunting sling "Waimnel" {flame, rElec
                  | rCorr Stlth+}
  1126 | D:2      | Noticed Robin
  1133 | D:2      | Reached XP level 4. HP: 35/40 MP: 3/3
  1144 | D:2      | HP: 8/40 [Robin (3)]
  1147 | D:2      | Killed Robin
  1589 | D:2      | Reached skill level 1 in Slings
  1594 | D:2      | Reached skill level 2 in Maces & Flails
  1770 | D:3      | Found a stormy altar of Qazlal.
  1983 | D:3      | Noticed Sigmund
  1993 | D:3      | Killed Sigmund
  1994 | D:3      | Reached skill level 2 in Slings
  1994 | D:3      | Reached XP level 5. HP: 36/47 MP: 4/4
  1994 | D:3      | Reached XP level 6. HP: 43/55 MP: 5/5
  2157 | D:3      | Found an opulent altar of Gozag.
  2225 | D:3      | Noticed Jessica
  2236 | D:3      | Killed Jessica
  2237 | D:3      | Reached skill level 3 in Maces & Flails
  2237 | D:3      | Reached skill level 5 in Shields
  2375 | D:3      | You pick up a book of Lightning and begin reading...
  2375 | D:3      | You add the spells Static Discharge, Lightning Bolt and
                  | Maxwell's Capacitive Coupling to your library.
  2403 | D:3      | Found a runed translucent door.
  2404 | D:3      | Noticed Crazy Yiuf
  2456 | D:3      | HP: 12/55 [Crazy Yiuf (9)]
  2457 | D:3      | Killed Crazy Yiuf
  2458 | D:3      | Reached skill level 5 in Fighting
  2458 | D:3      | Reached skill level 5 in Armour
  2910 | D:3      | Found a burning altar of Makhleb.
  3209 | D:4      | HP: 2/56 [ogre (24)]
  3212 | D:4      | Reached XP level 7. HP: 3/61 MP: 6/6
  3221 | D:4      | HP: 3/61 [endoplasm (2)]
  3620 | D:4      | Found the +7 great mace "Firestarter" {inner flame, rF++}
  3785 | D:4      | Reached skill level 3 in Slings
  3788 | D:4      | Found a glowing drain.
  3804 | Sewer    | Entered a sewer
  3937 | Sewer    | Reached skill level 4 in Maces & Flails
  3986 | Sewer    | Found a viscous altar of Jiyva.
  4210 | D:4      | Found Bierr's Weapon Emporium.
  4414 | D:5      | Entered Level 5 of the Dungeon
  4672 | D:5      | Noticed Blork the orc
  4679 | D:5      | Killed Blork the orc
  4680 | D:5      | Reached skill level 6 in Fighting
  4714 | D:5      | Reached skill level 6 in Armour
  5161 | D:5      | Reached skill level 4 in Slings
  5161 | D:5      | Reached XP level 8. HP: 61/71 MP: 7/7
  5566 | D:6      | Reached skill level 5 in Maces & Flails
  5670 | D:6      | Reached skill level 1 in Dodging
  6133 | D:6      | Reached skill level 2 in Dodging
  6472 | D:7      | Reached skill level 7 in Fighting
  6472 | D:7      | Reached skill level 5 in Slings
  6472 | D:7      | Reached skill level 7 in Armour
  6540 | D:7      | Reached skill level 6 in Maces & Flails
  6552 | D:7      | Noticed Menkaure
  6562 | D:7      | Killed Menkaure
  6563 | D:7      | Reached skill level 3 in Dodging
  6842 | D:7      | Reached XP level 9. HP: 71/79 MP: 8/8
  6949 | D:7      | Found a staircase to the Ecumenical Temple.
  6955 | Temple   | Entered the Ecumenical Temple
  7455 | D:7      | Identified the +3 dagger "Afuawiac" {elec, Dex+2}
  7721 | D:8      | Reached skill level 4 in Dodging
  7897 | D:8      | Found an iron altar of Okawaru.
  7901 | D:8      | Became a worshipper of Warmaster Okawaru
  7968 | D:8      | Reached skill level 8 in Fighting
  7968 | D:8      | Reached skill level 6 in Slings
  7968 | D:8      | Reached skill level 8 in Armour
  8083 | D:8      | Found a sacrificial altar of Ru.
  8207 | D:8      | Reached skill level 7 in Maces & Flails
  8720 | D:8      | Found a shimmering altar of Xom.
  9468 | D:8      | Reached skill level 5 in Dodging
  9616 | D:9      | Noticed a troll
  9625 | D:9      | Killed a troll
  9625 | D:9      | Reached * piety under Okawaru
  9626 | D:9      | Reached XP level 10. HP: 83/90 MP: 9/9
  9668 | D:9      | You pick up a book of Transfigurations and begin reading...
  9668 | D:9      | You add the spells Irradiate, Blade Hands and Dragon Form
                  | to your library.
  9987 | D:9      | Identified the +0 scale mail "Ompuisikk" {Slay+2}
 10018 | D:9      | Reached skill level 8 in Maces & Flails
 10125 | D:9      | Found a glowing golden altar of the Shining One.
 10171 | D:9      | Reached skill level 9 in Fighting
 10202 | D:9      | Reached skill level 9 in Armour
 10390 | D:9      | Reached ** piety under Okawaru
 10440 | D:9      | Found a staircase to the Orcish Mines.
 10700 | D:9      | Noticed Joseph
 10713 | D:9      | Killed Joseph
 10714 | D:9      | Reached skill level 6 in Dodging
 10972 | D:9      | You pick up a book of Unlife and begin reading...
 11272 | D:10     | Entered Level 10 of the Dungeon
 11294 | D:10     | Reached skill level 4 in Axes
 11318 | D:10     | Reached *** piety under Okawaru
 11484 | D:10     | Found a broken altar of Ashenzari.
 11696 | D:10     | Found Coxew's Specific Store.
 11701 | D:10     | Found Poityrru's General Store.
 11705 | D:10     | Bought a potion of degeneration for 13 gold pieces
 11709 | D:10     | Bought a potion of brilliance for 56 gold pieces
 11718 | D:10     | HP: 13/92 [acid dragon/splash of acid (22)]
 11723 | D:9      | HP: 12/92 [poisoned by a killer bee]
 11725 | D:9      | Reached skill level 5 in Axes
 12096 | D:10     | Reached skill level 9 in Maces & Flails
 12516 | D:10     | Found a shimmering blue altar of Sif Muna.
 13221 | D:11     | Reached skill level 10 in Armour
 13221 | D:11     | Reached XP level 11. HP: 62/99 MP: 10/10
 13396 | D:11     | Reached skill level 10 in Fighting
 13405 | D:11     | Reached skill level 7 in Dodging
 13641 | D:11     | Found a staircase to the Lair.
 13925 | D:11     | Reached **** piety under Okawaru
 13943 | D:11     | Noticed Grum
 13954 | D:11     | HP: 21/100 [poisoned by Grum]
 13958 | D:11     | HP: 10/100 [poisoned by Grum]
 13963 | D:11     | HP: 5/100 [poisoned by Grum]
 14404 | D:11     | Reached skill level 6 in Axes
 14404 | D:11     | Reached skill level 10 in Maces & Flails
 14534 | D:11     | Noticed a seven-headed hydra
 14558 | D:11     | Killed Grum
 14569 | D:11     | Killed a seven-headed hydra
 15087 | D:11     | Reached ***** piety under Okawaru
 15549 | Orc:1    | Entered Level 1 of the Orcish Mines
 15601 | Orc:1    | Noticed a two-headed ogre
 15612 | Orc:1    | Killed a two-headed ogre
 15860 | Orc:1    | Reached skill level 7 in Axes
 15860 | Orc:1    | Reached skill level 11 in Maces & Flails
 16105 | Orc:2    | Entered Level 2 of the Orcish Mines
 16126 | Orc:2    | Reached skill level 8 in Dodging
 16505 | Orc:2    | Reached skill level 11 in Fighting
 16508 | Orc:2    | Noticed an ogre mage
 16508 | Orc:2    | Noticed a two-headed ogre
 16513 | Orc:2    | Noticed a two-headed ogre
 16522 | Orc:2    | Killed an ogre mage
 16523 | Orc:2    | Reached skill level 11 in Armour
 16523 | Orc:2    | Killed a two-headed ogre
 16524 | Orc:2    | Reached XP level 12. HP: 50/110 MP: 11/11
 16540 | Orc:2    | Killed a two-headed ogre
 16540 | Orc:2    | Received a gift from Okawaru
 16544 | Orc:2    | Noticed a two-headed ogre
 16562 | Orc:2    | Killed a two-headed ogre
 16758 | Orc:2    | Noticed a two-headed ogre
 16764 | Orc:2    | Killed a two-headed ogre
 16765 | Orc:2    | Reached skill level 12 in Maces & Flails
 16784 | Orc:2    | HP: 11/110 [ogre (18)]
 17145 | Orc:2    | Noticed a two-headed ogre
 17153 | Orc:2    | Killed a two-headed ogre
 17155 | Orc:2    | Noticed an ogre mage
 17169 | Orc:2    | Killed an ogre mage
 17170 | Orc:2    | Reached skill level 8 in Axes
 17318 | Orc:2    | Noticed a two-headed ogre
 17329 | Orc:2    | Killed a two-headed ogre
 17367 | Orc:2    | Noticed a two-headed ogre
 17386 | Orc:2    | Killed a two-headed ogre
 17492 | Orc:2    | Noticed a two-headed ogre
 17498 | Orc:2    | Killed a two-headed ogre
 17499 | Orc:2    | Reached skill level 9 in Dodging
 17504 | Orc:2    | Noticed a two-headed ogre
 17505 | Orc:2    | Noticed a two-headed ogre
 17508 | Orc:2    | Killed a two-headed ogre
 17508 | Orc:2    | Reached ****** piety under Okawaru
 17518 | Orc:2    | Killed a two-headed ogre
 17839 | Orc:2    | Noticed a two-headed ogre
 17839 | Orc:2    | Noticed an ogre mage
 17841 | Orc:2    | Noticed a two-headed ogre
 17850 | Orc:2    | Killed a two-headed ogre
 17851 | Orc:2    | Reached skill level 13 in Maces & Flails
 17852 | Orc:2    | Killed an ogre mage
 17855 | Orc:2    | Killed a two-headed ogre
 17856 | Orc:2    | Reached skill level 12 in Armour
 17950 | Orc:2    | Noticed an ogre mage
 17984 | Orc:2    | Noticed a two-headed ogre
 17991 | Orc:2    | Noticed a two-headed ogre
 17994 | Orc:2    | Killed a two-headed ogre
 17994 | Orc:2    | Received a gift from Okawaru
 17995 | Orc:2    | Reached skill level 12 in Fighting
 18009 | Orc:2    | Reached skill level 9 in Axes
 18011 | Orc:2    | Killed a two-headed ogre
 18011 | Orc:2    | Received a gift from Okawaru
 18013 | Orc:2    | Paralysed by something for 6 turns
 18025 | Orc:2    | Killed an ogre mage
 18287 | Orc:2    | Reached XP level 13. HP: 116/118 MP: 12/12
 18687 | Orc:2    | Found a staircase to the Elven Halls.
 18694 | Orc:2    | Found Ficuz's Jewellery Boutique.
 18694 | Orc:2    | Found Hafefiuw's Magic Scroll Emporium.
 18695 | Orc:2    | Found Inlidu's Magic Scroll Shoppe.
 18695 | Orc:2    | Found Haoj's Magic Scroll Boutique.
 18731 | Orc:2    | Bought a scroll of noise for 14 gold pieces
 18731 | Orc:2    | Bought a scroll of teleportation for 42 gold pieces
 18731 | Orc:2    | Bought a scroll of blinking for 105 gold pieces
 18731 | Orc:2    | Bought a scroll of identify for 28 gold pieces
 18731 | Orc:2    | Bought a scroll of identify for 28 gold pieces
 18731 | Orc:2    | Bought a scroll of identify for 28 gold pieces
 18740 | Orc:2    | Bought a scroll of identify for 28 gold pieces
 18740 | Orc:2    | Bought a scroll of identify for 28 gold pieces
 18740 | Orc:2    | Bought a scroll of identify for 28 gold pieces
 19481 | Orc:1    | Found Fapi's Jewellery Emporium.
 19491 | Orc:1    | HP: 28/118 [warg[an orc knight] (12)]
 19492 | Orc:1    | HP: 5/118 [orc warrior (10)]
 19497 | Orc:2    | Slain by an orc warrior

Vanquished Creatures
  A hydra (D:11)
  4 ogre magi (Orc:2)
  16 two-headed ogres
  2 orc knights
  An orc sorcerer (Orc:2)
  A manticore (D:11)
  2 cyclopes
  Joseph (D:9)
  A gargoyle (D:11)
  2 komodo dragons
  5 trolls
  A shadow (D:11)
  Sigmund (D:3)
  12 yaks
  A wraith (D:10)
  4 wyverns
  Grum (D:11)
  3 basilisks (D:11)
  A steam dragon (D:8)
  Menkaure (D:7)
  3 wargs
  2 acid dragons
  A swamp drake (D:11)
  15 orc warriors
  3 black bears
  A hornet zombie (D:6)
  30 ogres
  A necrophage (D:7)
  4 wolves (D:11)
  4 centaurs
  A phantom (D:7)
  2 kobold brigands (D:9)
  A bullfrog (D:8)
  5 gnoll sergeants
  2 scorpions
  Blork the orc (D:5)
  A wyvern zombie (D:7)
  A wyvern skeleton (D:5)
  A water moccasin skeleton (D:7)
  7 killer bees
  5 howler monkeys
  3 wights (D:5)
  7 centaur zombies
  2 hounds
  Crazy Yiuf (D:3)
  2 gnoll shamans (D:8)
  12 orc priests
  2 jellies (Sewer)
  A centaur skeleton (D:7)
  An iguana (D:6)
  Jessica (D:3)
  19 orc wizards
  A scorpion zombie (D:5)
  A killer bee zombie (D:8)
  A hound skeleton (D:4)
  2 howler monkey zombies
  Robin (D:2)
  12 gnolls
  A howler monkey skeleton (D:6)
  8 adders
  2 river rats
  A white imp (D:7)
  3 ufetubi
  2 adder skeletons
  2 worms (D:2)
  2 dart slugs
  57 orcs
  20 endoplasms
  7 giant cockroaches
  12 goblins
  8 hobgoblins
  9 jackals
  18 kobolds
  8 quokkas
  17 ball pythons
  5 bats
  6 frilled lizards
  5 rats
414 creatures vanquished.

Vanquished Creatures (others)
  5 plants
5 creatures vanquished.

Grand Total: 419 creatures vanquished

Table legend:
 A = Non-vault XP
 B = Vault XP
 C = Vault XP percentage of total XP
 D = Non-vault monster count
 E = Vault monster count
 F = Vault count percentage of total count
                 A         B        C        D         E       F
            +---------+---------+-------+---------+---------+-------
      Total |   19654 |   22654 |  53.5 |     279 |     135 |  32.6
            +---------+---------+-------+---------+---------+-------
        D:1 |      39 |       0 |   0.0 |      21 |       0 |   0.0
        D:2 |      70 |      32 |  31.4 |      21 |      10 |  32.3
        D:3 |      52 |     309 |  85.6 |      16 |       3 |  15.8
        D:4 |     311 |      21 |   6.3 |      16 |       5 |  23.8
        D:5 |     448 |      82 |  15.5 |      23 |       1 |   4.2
        D:6 |     622 |       0 |   0.0 |      16 |       0 |   0.0
        D:7 |     990 |     169 |  14.6 |      20 |       1 |   4.8
        D:8 |    1507 |     389 |  20.5 |      17 |       8 |  32.0
        D:9 |    1712 |    1051 |  38.0 |      27 |      18 |  40.0
       D:10 |    2665 |      35 |   1.3 |      19 |       1 |   5.0
       D:11 |    4826 |    1910 |  28.4 |      22 |      11 |  33.3
      Orc:1 |    2551 |       0 |   0.0 |      13 |       0 |   0.0
      Orc:2 |    3861 |   18509 |  82.7 |      48 |      43 |  47.3
      Sewer |       0 |     147 | 100.0 |       0 |      34 | 100.0
            +---------+---------+-------+---------+---------+-------

Illustrated notes

Table legend:
 A = Kills in this place as a percentage of kills in entire the game.
 B = Kills by you in this place as a percentage of kills by you in the entire game.
 C = Kills by friends in this place as a percentage of kills by friends in the entire game.
 D = Other kills in this place as a percentage of other kills in the entire game.
 E = Experience gained in this place as a percentage of experience gained in the entire game.
 F = Experience gained in this place divided by the number of levels of this place that you have seen.
                   A       B       C       D       E      F
               +-------+-------+-------+-------+-------+----------------------
         Total | 100.0 | 100.0 |   N/A |   N/A | 100.0 | 2820.5
       Dungeon |  66.7 |  66.7 |   N/A |   N/A |  40.7 | 1567.3
  Orcish Mines |  25.1 |  25.1 |   N/A |   N/A |  58.9 | 12460.5
         Sewer |   8.2 |   8.2 |   N/A |   N/A |   0.3 | 147.0
               +-------+-------+-------+-------+-------+----------------------

Table legend: (Time is in decaauts)
 A = Elapsed time spent in this place.
 B = Non-inter-level travel time spent in this place.
 C = Inter-level travel time spent in this place.
 D = Time resting spent in this place.
 E = Time spent auto-exploring this place.
 F = Levels seen in this place.
 G = Mean time per level.
                   A        B        C        D        E       F      G
               +--------+--------+--------+--------+--------+-----+--------+
         Total |  19719 |  18841 |    878 |   6901 |   8662 |  15 | 1314.6 |
       Dungeon |  15378 |  14721 |    657 |   4376 |   7980 |  11 | 1398.0 |
        Temple |     82 |     49 |     33 |      0 |     42 |   1 |   82.0 |
  Orcish Mines |   3935 |   3748 |    187 |   2506 |    483 |   2 | 1967.5 |
         Sewer |    322 |    322 |      0 |     19 |    157 |   1 |  322.0 |
               +--------+--------+--------+--------+--------+-----+--------+

Top non-repeatable levels by time:
     D:9: 2534 daAuts
    D:11: 2340 daAuts
   Orc:2: 2026 daAuts
   Orc:1: 1909 daAuts
     D:8: 1905 daAuts
     D:3: 1346 daAuts
     D:7: 1275 daAuts
    D:10: 1139 daAuts
     D:2: 1113 daAuts
     D:5: 1101 daAuts
     D:4: 1070 daAuts
     D:6: 857 daAuts
     D:1: 693 daAuts
   Sewer: 322 daAuts
  Temple: 82 daAuts
